 Dungeon Crawl Stone Soup version 0.31.0-11-ge490571c62 (webtiles) character file.

Game seed: 13796447541258241930

77 Arctor the Magician (level 4, -2/24 HPs)
             Began as a Deep Elf Fire Elementalist on Feb 3, 2024.
             Slain by an ogre
             ... wielding a +0 giant club
              (26 damage)
             ... on level 4 of the Dungeon.
             The game lasted 00:01:50 (3197 turns).

Arctor the Magician (Deep Elf Fire Elementalist)    Turns: 3197, Time: 00:01:51

Health: -2/24      AC:  4    Str:  5    XL:     4   Next: 13%
Magic:  9/11       EV: 13    Int: 22    God:
Gold:   202        SH:  0    Dex: 15    Spells: 9/10 levels left

rFire   . . .        e - +3 dagger
rCold   . . .        (no shield)
rNeg    . . .        a - +0 robe
rPois   .            g - +0 helmet
rElec   .            (no cloak)
rCorr   .            (no gloves)
SInv    .            m - +0 pair of boots
Will    .....        (no amulet)
Stlth   ++           (no ring)
HPRegen 0.24/turn    (no ring)
MPRegen 0.12/turn

%: no passive effects
@: no status effects
A: no striking features
a: no special abilities


You were on level 4 of the Dungeon.
You visited 1 branch of the dungeon, and saw 4 of its levels.

You collected 202 gold pieces.

Inventory:

Hand Weapons
 e - a +3 dagger (weapon)
Armour
 a - a +0 robe (worn)
 g - a +0 helmet (worn)
 m - a +0 pair of boots (worn)
Wands
 f - a wand of charming (5)
Scrolls
 c - a scroll of torment {unknown}
 k - a scroll of teleportation {unknown}
 l - a scroll of amnesia {unknown}
Potions
 b - 3 potions of magic
 d - a potion of ambrosia {unknown}
 h - a potion of lignification {unknown}
 i - a potion of curing {unknown}
 j - a potion of mutation {unknown}


   Skills:
 + Level 3.2 Dodging
 + Level 3.3 Stealth
 + Level 3.8 Spellcasting
 + Level 2.1 Conjurations
 + Level 3.8 Fire Magic


You had 9 spell levels left.
You knew the following spells:

 Your Spells              Type           Power      Damage    Failure   Level
a - Foxfire               Conj/Fire      68%        2x1d7     3%          1

Your spell library contained the following spells:

 Spells                   Type           Power      Damage    Failure   Level
 Scorch                   Fire           42%        2d6       3%          2
 Freeze                   Ice            16%        1d4       12%         1
 Inner Flame              Hex/Fire       12%        N/A       16%         3
 Volatile Blastmotes      Fire/Tloc      24%        2d12      16%         3
 Hailstorm                Conj/Ice       8%         3d5       22%         3
 Flame Wave               Conj/Fire      17%        2d7       32%         4
 Frozen Ramparts          Ice            8%         1d2       34%         3


Dungeon Overview and Level Annotations

Branches:
Dungeon (4/15)
 Temple: D:4-7

Altars:
Xom


Message History

Found a faded altar of an unknown god.
There is a stone staircase leading down here.
Done exploring.
No target in view!
Done exploring.
No target in view!
You conjure some foxfire!
You conjure some foxfire!
No target in view!
You conjure some foxfire!
Your foxfire dissipates!
You conjure some foxfire!
Your foxfire dissipates! x3
Your foxfire dissipates! x2
Your foxfire dissipates!
Your foxfire dissipates!
Done exploring.
Done exploring.
Done exploring.
What level of the Dungeon? (default 1 @ (x,y), ? - help)
Okay, then.
Unknown command.
What level of the Dungeon? (default 3, ? - help)
There is a stone staircase leading down here.
You climb downwards.
There is a stone staircase leading up here.
You conjure some foxfire!
Magic restored.
A scorpion comes into view.
You conjure some foxfire!
An ogre comes into view. It is wielding a +0 giant club.
The ogre shouts!
The foxfire hits the scorpion.
The scorpion is moderately wounded.
You conjure some foxfire!
The foxfire hits the ogre.
The ogre is lightly wounded.
The scorpion closely misses you.
The ogre hits you with a +0 giant club!!
Ouch! That really hurt!
You die...

#
########..
#.......#
#.......#
#.......#
#vOs§...#
####@§..#
#§§§§v###
#.##§.#
#<##..#
####..#
.... #.###
..# .#


You could see an ogre (ally target) and a scorpion.

Vanquished Creatures
  2 adders (D:2)
  A dart slug (D:2)
  An orc (D:3)
  5 ball pythons
  7 bats
  5 endoplasms
  A giant cockroach (D:1)
  4 goblins
  5 hobgoblins
  5 jackals
  7 kobolds
  5 frilled lizards
  3 rats (D:1)
51 creatures vanquished.

Vanquished Creatures (others)
  300 foxfires
300 creatures vanquished.

Grand Total: 351 creatures vanquished

Notes
Turn   | Place    | Note
-------+----------+-------------------------------------------
     0 | D:1      | Arctor the Deep Elf Fire Elementalist began the quest for
                  | the Orb.
     0 | D:1      | Reached XP level 1. HP: 10/10 MP: 6/6
   418 | D:1      | Reached XP level 2. HP: 15/15 MP: 5/8
  1093 | D:2      | Reached XP level 3. HP: 17/19 MP: 3/9
  2573 | D:3      | Reached XP level 4. HP: 24/24 MP: 8/11
  2836 | D:3      | Found a shimmering altar of Xom.
  3019 | D:3      | Found a faded altar of an unknown god.
  3194 | D:4      | Noticed a scorpion
  3196 | D:4      | Noticed an ogre
  3197 | D:4      | Slain by an ogre

Illustrated notes

Levels and vault maps discovered:
D:1:      minmay_arrival_widening_spiral_wide, layout_basic,
          nicolae_twisty_statue_hallways
D:2:      layout_basic, chequers_serial_rivers_small_b
D:3:      layout_basic, old_standard_altar,
          shapermc_ecumenical_altar_totnotflames
D:4:      layout_basic, nicolae_qazlal_style_of_elements

Skill      XL: |  1  2  3 |
---------------+----------+-----
Stealth        | 3 |  3.3
Dodging        | 3 |  3.2
Conjurations   | 2 |  2.1
Spellcasting   | |  3.8
Fire Magic     | |  3.8

Action                     |  1- 3 |  4- 6 || total
---------------------------+-------+-------++-------
  Melee: Unarmed           |    18 |       ||    18
         Dagger            |       |    16 ||    16
   Cast: Foxfire           |   162 |    37 ||   199
 Armour: Robe              |    16 |    11 ||    27
  Dodge: Dodged            |    19 |    14 ||    33
